 Dungeon Crawl Stone Soup version 0.30.0-19-g36f170ea60 (webtiles) character file.

Game seed: 13427141334017689797

381 bmack86 the Cleaver (level 6, -1/51 HPs)
             Began as a Minotaur Fighter on May 28, 2023.
             Slain by an orc
             ... wielding a +0 trident
              (3 damage)
             ... on level 3 of the Dungeon.
             The game lasted 00:07:14 (2532 turns).

bmack86 the Cleaver (Minotaur Fighter)              Turns: 2532, Time: 00:07:15

Health: -1/51      AC: 10    Str: 23    XL:     6   Next: 46%
Magic:  5/5        EV:  8    Int:  5    God:
Gold:   176        SH:  8    Dex:  9    Spells: 5/5 levels left

rFire   . . .        a - +0 war axe
rCold   . . .        x - +0 kite shield
rNeg    . . .        b - +0 scale mail
rPois   .            (helmet restricted)
rElec   .            v - scarf {harm}
rCorr   .            (no gloves)
SInv    .            (no boots)
Will    +....        (no amulet) Stlth
                     g - +4 ring of protection
HPRegen 0.28/turn    r - ring of willpower
MPRegen 0.09/turn

%: harm (+30% outgoing, +20% incoming)
@: no status effects
A: horns 2, retaliatory headbutt
a: no special abilities


You were on level 3 of the Dungeon.
You visited 1 branch of the dungeon, and saw 4 of its levels.

You collected 176 gold pieces.

Inventory:

Hand Weapons
 a - a +0 war axe (weapon)
Missiles
 k - 2 poisoned darts (quivered)
Armour
 b - a +0 scale mail (worn)
 c - a +0 buckler
 v - a scarf of harm (worn)
 x - a +0 kite shield (worn)
Jewellery
 g - a +4 ring of protection (left hand)
 r - a ring of willpower (right hand)
 s - a ring of ice
Wands
 y - a wand of polymorph (9)
Scrolls
 e - 2 scrolls of teleportation {unknown}
 f - a scroll of enchant armour {unknown}
 i - 3 scrolls of identify {unknown}
 l - a scroll of fog {unknown}
 n - a scroll of torment {unknown}
 o - a scroll of magic mapping {unknown}
 w - a scroll of acquirement {unknown}
Potions
 d - a potion of might
 h - 2 potions of mutation {unknown}
 j - 2 potions of lignification {unknown}
 m - a potion of attraction {unknown}
 p - a potion of heal wounds {unknown}
 q - a potion of curing {unknown}
 t - a potion of invisibility {unknown}
 u - 2 potions of cancellation {unknown}
 z - a potion of ambrosia {unknown}


   Skills:
 - Level 3.6 Fighting
 + Level 8.4 Axes
 - Level 3.6 Armour
 - Level 3.6 Shields


You had 5 spell levels left.
You didn't know any spells.
Your spell library contained the following spells:

 Spells                   Type           Power      Damage    Failure   Level
 Cigotuvi's Dreadful Rot  Necr/Pois/Air  0%         N/A       99%         2
 Dispel Undead            Necr           0%         3d6       100%        4
 Death Channel            Necr           0%         N/A       100%        6


Dungeon Overview and Level Annotations

Branches:
Dungeon (4/15)
 Temple: D:4-7

Altars:
Ashenzari
Wu Jian
Zin

Shops:
D:4 :


Innate Abilities, Weirdness & Mutations

You have a pair of horns on your head.
You reflexively headbutt those who attack you in melee.


Message History

Natasha mumbles some strange words.
You block the orc's attack. The gnoll hits you with a +0 flail.
You hit the gnoll. You headbutt the gnoll.
The gnoll is heavily wounded.
The orc hits you from afar with a +0 trident.
The gnoll barely misses you.
You barely miss the gnoll.
The gnoll is heavily wounded.
The gnoll hits you with a +0 flail!
* * * LOW HITPOINT WARNING * * *
The orc completely misses you. You block the gnoll's attack.
The orc completely misses you.
You closely miss the gnoll. Your headbutt misses the gnoll.
The gnoll is heavily wounded.
You hit Natasha. Natasha barely misses you. You furiously retaliate!
You headbutt Natasha!
You kill Natasha!
Natasha yowls pathetically as she dies!
The cerulean imp disappears in a puff of smoke! x2
The gnoll hits you with a +0 flail.
* * * LOW HITPOINT WARNING * * *
The orc hits you but does no damage.
You hit the gnoll but do no damage.
The gnoll is heavily wounded.
You block the orc's attack. The gnoll hits you with a +0 flail.
* * * LOW HITPOINT WARNING * * *
You hit the gnoll. You headbutt the gnoll.
You kill the gnoll!
Something unseen opens the door.
The orc hits you from afar with a +0 trident.
* * * LOW HITPOINT WARNING * * *
Unknown command.
Okay, then.
An orc comes into view. It is wielding a +0 mace.
The orc hits you but does no damage.
You see here a +0 flail.
You closely miss the orc.
The orc shouts!
The orc hits you with a +0 trident.
You die...

####### '....' o. #o...#
'# #....#
.#############''''######
.#......................
##~≈~≈~~≈~~~≈≈..o.~≈~~~~
≈≈≈≈≈≈~≈≈≈≈≈≈~.)@†~≈≈~≈≈
~~~≈≈~)~~~~≈≈~....≈≈~~~~
.....†)......†.)........
..................###..#
#######.###.#####.# .#
#.# #.# ... . #.# #.#
#### # #.# #.....>.. #
#.# #########


You could see 2 orcs.

Vanquished Creatures
  An ogre (D:4)
  An orc priest (D:4)
  Jessica (D:3)
  Terence (D:3)
  Natasha (twice) (D:3)
  Robin (D:3)
  4 adders
  3 gnolls (D:3)
  2 worms (D:2)
  3 dart slugs
  8 orcs
  4 ball pythons
  4 bats
  4 endoplasms
  3 giant cockroaches
  9 goblins
  6 hobgoblins
  13 jackals
  A quokka (D:2)
  5 frilled lizards
  2 kobolds
  4 rats
82 creatures vanquished.

Notes
Turn   | Place    | Note
-------+----------+-------------------------------------------
     0 | D:1      | bmack86 the Minotaur Fighter began the quest for the Orb.
     0 | D:1      | Reached XP level 1. HP: 19/19 MP: 0/0
    72 | D:1      | Reached skill level 3 in Axes
   176 | D:1      | Reached XP level 2. HP: 26/26 MP: 1/1
   639 | D:2      | Reached skill level 4 in Axes
   689 | D:2      | You fall into a shaft and drop 2 floors!
   724 | D:4      | Reached XP level 3. HP: 30/31 MP: 2/2
   843 | D:4      | Noticed an ogre
   846 | D:4      | Found Mutrary's Tremendous Tomes.
   851 | D:4      | Killed an ogre
   852 | D:4      | Reached skill level 6 in Axes
   852 | D:4      | Reached XP level 4. HP: 39/39 MP: 3/3
   926 | D:4      | Reached XP level 5. HP: 18/45 MP: 4/4
  1643 | D:2      | Reached skill level 7 in Axes
  2018 | D:3      | Noticed Robin
  2030 | D:3      | Killed Robin
  2116 | D:3      | Found a broken altar of Ashenzari.
  2122 | D:3      | Found a glowing silver altar of Zin.
  2178 | D:3      | Noticed Natasha
  2183 | D:3      | Noticed Jessica
  2184 | D:3      | Killed Natasha
  2204 | D:3      | Killed Jessica
  2205 | D:3      | Reached XP level 6. HP: 43/51 MP: 5/5
  2243 | D:3      | Noticed Terence
  2257 | D:3      | Killed Terence
  2300 | D:3      | Found an ornate altar of the Wu Jian Council.
  2385 | D:3      | Reached skill level 8 in Axes
  2522 | D:3      | Noticed Natasha
  2528 | D:3      | Killed Natasha
  2530 | D:3      | HP: 1/51 [orc/+0 trident (6)]
  2532 | D:3      | Slain by an orc

Illustrated notes

Levels and vault maps discovered:
D:1:      denvon_arrival_planthouse, layout_rooms,
          chequers_serial_rivers_micro_b
D:2:      layout_loops_corners, serial_aquarium, aquarium_bridge_straight
          [aquarium_subvault_bridge, aquarium_subvault_wall,
          aquarium_subvault_bridge, aquarium_subvault_wall],
          aquarium_bridge_straight [aquarium_subvault_bridge,
          aquarium_subvault_wall, aquarium_subvault_bridge,
          aquarium_subvault_window], aquarium_window_fake, aquarium_window_fake,
          aquarium_window_fake, aquarium_window_corner, aquarium_view_2f,
          aquarium_balcony_3a
D:3:      lemuel_castle_with_subvaults [lemuel_castle_interior_carwin_3],
          layout_loops_ring, nicolae_wu_jian_immortal_techniques,
          grunt_temple_overflow_open, nicolae_figureground_sparkle,
          uniq_terence, uniq_jessica, uniq_natasha, uniq_robin
D:4:      layout_cave_pools, nicolae_shop_i_like_big_books

Skill      XL: |  1  2  3  4  5  6 |
---------------+-------------------+-----
Axes           | 3 4 6 7 8 |  8.4
Fighting       | |  3.6
Armour         | |  3.6
Shields        | |  3.6

Action                     |  1- 3 |  4- 6 || total
---------------------------+-------+-------++-------
  Melee: War axe           |    60 |   121 ||   181
         Headbutt          |     8 |    15 ||    23
         Unarmed           |       |     8 ||     8
 Armour: Scale mail        |    36 |    69 ||   105
         Skin              |       |     1 ||     1
  Dodge: Dodged            |    38 |    51 ||    89
  Block: Buckler           |     7 |     5 ||    12
         Kite shield       |       |    38 ||    38
